 Dungeon Crawl Stone Soup version 0.28-a0-1199-gef9e1dbd39 (webtiles) character file.

Game seed: 1422946728711456630

25 sanka the Chopper (level 2, 0/25 HPs)
             Began as a Palentonga Abyssal Knight on Dec 19, 2021.
             Was a Follower of Lugonu.
             Succumbed to an adder's poison
             ... on level 2 of the Dungeon.
             The game lasted 00:01:21 (962 turns).

sanka the Chopper (Palentonga Abyssal Knight)        Turns: 962, Time: 00:01:21

Health: 0/25       AC:  4    Str: 16    XL:     2   Next: 82%
Magic:  3/3        EV:  9    Int: 10    God:    Lugonu [*.....]
Gold:   72         SH:  0    Dex: 10    Spells: 1/1 levels left

rFire   . . .      SeeInvis +   a - +1 hand axe
rCold   . . .      Faith    .   (no shield)
rNeg    . . .      Spirit   .   b - +0 leather armour
rPois   .          Reflect  .   (no helmet)
rElec   .          Harm     .   (no cloak)
rCorr   .          Rampage  .   (no gloves)
Will    .....                   (no barding)
Stlth   +.........              (no amulet)
HPRegen 0.08/turn               (no ring)
MPRegen 0.08/turn               (no ring)

@: lethally poisoned (0 -> -9)
A: large, rugged brown scales 3, see invisible, deformed body, roll 1, armoured
tail
a: Rolling Charge, Renounce Religion, Depart the Abyss


You were on level 2 of the Dungeon.
You worshipped Lugonu.
Lugonu was aware of your devotion.
You visited 1 branch of the dungeon, and saw 2 of its levels.
You visited the Abyss 1 time.

You collected 72 gold pieces.


Innate Abilities, Weirdness & Mutations

You are completely covered in rugged brown scales. (AC +3, +7% HP)
You have supernaturally acute eyesight. (SInv)
Armour fits poorly on your strangely shaped body.
You can roll at nearby foes to attack.
You have a long armoured tail.


   Skills:
 - Level 3.0 Fighting
 + Level 3.4 Axes
 - Level 1.5 Armour
 - Level 0.7 Dodging
 - Level 2.0 Invocations


You had one spell level left.
You didn't know any spells.
Your spell library was empty.

Inventory:

Hand Weapons
 a - a +1 hand axe (weapon)
Armour
 b - a +0 leather armour (worn)
Scrolls
 d - a scroll of noise {unknown}
 e - a scroll of torment {unknown}
 f - a scroll of fog {unknown}
Potions
 c - a potion of brilliance {unknown}

Dungeon Overview and Level Annotations

Branches:
Dungeon (2/15)

Altars:

Shops:
D:1

[ ▒.▒..▒.▒.▒
▒.▒♣.♣.▒.▒
▒.▒.<....▒ ▒
▒.▒▒▒▒.▒.▒ .▒
▒▒▒.▒▒▒▒.▒.▒▒▒▒▒.▒
........)....(...▒▒
▒▒..▒▒▒..▒▒▒▒.....
▒.......▒▒▒▒..▒
▒.▒........H†.▒ ▒
▒....▒▒▒▒▒S.▒
▒.▒....▒▒▒▒▒..▒
▒.....P..P......
▒▒▒....P♣♣.P.....
▒..♣P.♣♣S.....♣♣
▒......P♣ .▒▒..
..........♣ .▒ ▒..
....P....♣♣


You could see an adder.


Message History

The adder is almost dead.
You feel sick. The adder bites you. The adder bites you.
You are more poisoned.
The adder poisons you!
You hit the adder but do no damage.
The adder is almost dead.
You feel sick. The adder closely misses you.
Unknown command.
You barely miss the adder.
The adder is almost dead.
You feel sick. The adder bites you.
* * * LOW HITPOINT WARNING * * *
You are lethally poisoned!
The adder poisons you!
You barely miss the adder.
The adder is almost dead.
* * * LOW HITPOINT WARNING * * *
You feel very sick. The adder bites you.
* * * LOW HITPOINT WARNING * * *
The adder closely misses you.
Unknown command.
You barely miss the adder.
Your tail-slap misses the adder.
The adder is almost dead.
You die...

Action                   || total
-------------------------++-------
Melee: Hand axe          ||    55
       Tailslap          ||     9
 Abil: Rolling Charge    ||     1
 Stab: Sleeping          ||     1
Armor: Leather armour    ||    14
Dodge: Dodged            ||    21

Levels and vault maps discovered:
D:1:      nzn_arrival_settlement, layout_loops_ring, basic_ecumenical_altar,
          serial_shops, shop
D:2:      layout_loops_cross, serial_forest, infiniplex_forest_lined_room_,
          infiniplex_forest_lined_2, infiniplex_forest_end_1,
          infiniplex_forest_end_2, infiniplex_forest_clump_tiny,
          infiniplex_forest_clump_C, infiniplex_forest_split,
          infiniplex_forest_lined_room_2, serial_shops,
          nicolae_shop_statue_plus, chequers_serial_rivers_micro_d,
          hangedman_glass_teeth, minmay_indecisive_spiral

Notes
Turn   | Place    | Note
-------+----------+-------------------------------------------
     0 | Abyss:1  | sanka the Palentonga Abyssal Knight began the quest for the
                  | Orb.
     0 | Abyss:1  | Reached XP level 1. HP: 19/19 MP: 2/2
    21 | D:1      | Escaped the Abyss
   275 | D:1      | Reached XP level 2. HP: 25/25 MP: 3/3
   315 | D:1      | Found Ehuech's Antique Armour Shop.
   459 | D:1      | Reached skill level 3 in Axes
   708 | D:1      | Found a faded altar of an unknown god.
   961 | D:2      | HP: 2/25 [adder (4)]
   962 | D:2      | Succumbed to an adder's poison

Vanquished Creatures
  A dart slug (D:1)
  A bat (D:1)
  3 endoplasms (D:1)
  A giant cockroach (D:1)
  2 hobgoblins
  3 quokkas (D:1)
  3 frilled lizards (D:1)
  3 goblins
  2 kobolds (D:1)
  2 rats (D:1)
21 creatures vanquished.

Vanquished Creatures (others)
  2 plants (D:2)
2 creatures vanquished.

Grand Total: 23 creatures vanquished
